 Dungeon Crawl Stone Soup version 0.31-a0-845-g9abc20d24f (webtiles) character file.

Game seed: 6792391990290777259

375 Kurtz the Chopper (level 6, -3/42 HPs)
             Began as an Octopode Fighter on Oct 1, 2023.
             Slain by Blork the orc
             ... wielding a +2 scimitar of electrocution
              (4 damage)
             ... on level 5 of the Dungeon.
             The game lasted 00:02:13 (2711 turns).

Kurtz the Chopper (Octopode Fighter)                Turns: 2711, Time: 00:02:14

Health: -3/42      AC:  1    Str: 17    XL:     6   Next: 72%
Magic:  6/6        EV: 13    Int: 11    God:
Gold:   229        SH:  4    Dex: 11    Spells: 5/5 levels left

rFire   . . .        a - +0 war axe
rCold   . . .        b - +0 buckler
rNeg    . . .        (helmet restricted)
rPois   .            (no amulet)
rElec   .            q - ring of willpower
rCorr   .            (no ring)
SInv    .            (no ring)
Will    +....        (no ring)
Stlth   ++           (no ring)
HPRegen 0.27/turn    (no ring)
MPRegen 0.10/turn    (no ring)
                     (no ring)

%: no passive effects
@: mighty
A: almost no armour, amphibious, 8 rings, camouflage 1, gelatinous body 1,
(nimble swimmer 1), tentacles
a: no special abilities


You were on level 5 of the Dungeon.
You visited 1 branch of the dungeon, and saw 5 of its levels.

You collected 229 gold pieces.

Inventory:

Hand Weapons
 a - a +0 war axe (weapon)
Missiles
 f - 21 poisoned darts (quivered)
 i - 2 boomerangs
Armour
 b - a +0 buckler (worn)
Jewellery
 q - a ring of willpower (left tentacle)
Scrolls
 d - 5 scrolls of identify {unknown}
 h - a scroll of teleportation {unknown}
 l - a scroll of fog {unknown}
 o - a scroll of acquirement {unknown}
 p - 3 scrolls of immolation {unknown}
 r - 2 scrolls of enchant weapon {unknown}
Potions
 e - a potion of heal wounds
 g - 2 potions of haste {unknown}
 j - a potion of curing {unknown}
 k - a potion of enlightenment {unknown}
 m - a potion of degeneration {unknown}
 n - 2 potions of cancellation {unknown}


   Skills:
 - Level 3.0 Fighting
 * Level 7.0 Axes
 - Level 3.0 Dodging
 - Level 3.0 Shields


You had 5 spell levels left.
You didn't know any spells.
Your spell library contained the following spells:

 Spells                   Type           Power      Damage    Failure   Level
 Ignite Poison            Fire/Tmut/Pois 0%         N/A       80%         3
 Sticky Flame             Conj/Fire      0%         2d3       99%         4
 Ignition                 Fire           0%         3d3       100%        8


Dungeon Overview and Level Annotations

Branches:
Dungeon (5/15)
 Temple: D:4-7

Altars:
Xom
The Shining One

Shops:
D:2 *   D:4 [

Annotations:
D:5 Blork the orc


Innate Abilities, Weirdness & Mutations

You cannot wear most types of armour.
You are amphibious.
You can wear up to eight rings at the same time.
Your skin changes colour to match your surroundings (Stealth+).
Your rubbery body absorbs attacks. (AC +1, EV +1)
((You are camouflaged when in or above water. (Stealth+)))
You have tentacles for arms and can constrict up to eight enemies at once.


Message History

You hit the hound but do no damage. You tentacle-slap the hound.
The hound is heavily wounded.
You constrict the hound. The hound misses you. The hound closely misses you.
You hit the hound.
The hound is almost dead.
You constrict the hound.
You kill the hound!
Your Axes skill increases to level 7!
You see here a hound corpse.
d - 5 scrolls labelled NESAURGH MALE (gained 1)
You start resting.
HP restored.
You start waiting.
You hear a distant slurping noise.
Done waiting.
Found 4 stones.
p - 3 scrolls labelled UVIHUMEPHA (gained 1) Blork the orc comes into view.
He is wielding a +2 scimitar of electrocution and wearing a +2 robe of willpower.
Blork the orc shouts!
You see here 4 stones.
Blork the orc mumbles some strange words.
Blork the orc seems to speed up.
You feel very mighty all of a sudden.
Blork the orc hits you with a +2 scimitar of electrocution.
You hit Blork the orc. You grab Blork the orc. You squeeze Blork the orc!
Blork the orc is moderately wounded.
You constrict Blork the orc. You block Blork the orc's attack.
Blork the orc hits you with a +2 scimitar of electrocution!
You are electrocuted!!
* * * LOW HITPOINT WARNING * * *
You are too injured to fight recklessly!
You are too injured to fight recklessly!
You barely miss Blork the orc. You squeeze Blork the orc!
Blork the orc is almost dead.
You constrict Blork the orc. Blork the orc casts a spell at you.
The magic dart hits you!
* * * LOW HITPOINT WARNING * * *
Blork the orc hits you with a +2 scimitar of electrocution.
You die...

##...†....##
##..÷..<..#
########...........#
#......#..........##
#......#..........#
#......#...........#
#......#............
#.......#........###
#######.##.@........#
##.........o#..##.####
#............#..#.#
.......(......#...#
....$.........##..#
....................
..............#.#.#..#
..............#.... ..
#.....$......## #.## .


You could see Blork the orc (fast).

Vanquished Creatures
  Sigmund (D:2)
  2 hounds
  An iguana (D:5)
  4 gnolls
  An adder (D:4)
  3 dart slugs
  2 worms (D:2)
  An orc (D:3)
  5 endoplasms
  4 giant cockroaches
  4 hobgoblins
  4 jackals (D:2)
  2 quokkas
  4 ball pythons
  8 bats
  3 frilled lizards (D:2)
  4 goblins (D:1)
  5 kobolds
  9 rats
67 creatures vanquished.

Notes
Turn   | Place    | Note
-------+----------+-------------------------------------------
     0 | D:1      | Kurtz the Octopode Fighter began the quest for the Orb.
     0 | D:1      | Reached XP level 1. HP: 16/16 MP: 1/1
   187 | D:1      | Reached XP level 2. HP: 21/21 MP: 2/2
   222 | D:1      | Reached skill level 3 in Axes
   574 | D:1      | Reached XP level 3. HP: 25/26 MP: 3/3
   937 | D:2      | Found Vutoc's Assorted Antiques.
   968 | D:2      | HP: 1/26 [gnoll/+0 flail (11)]
  1002 | D:1      | You fall into a shaft and drop 1 floor!
  1026 | D:2      | Found a faded altar of an unknown god.
  1203 | D:2      | Reached skill level 4 in Axes
  1237 | D:2      | Noticed Sigmund
  1264 | D:2      | Killed Sigmund
  1265 | D:2      | Reached skill level 6 in Axes
  1265 | D:2      | Reached XP level 4. HP: 31/31 MP: 4/4
  1265 | D:2      | Reached XP level 5. HP: 36/36 MP: 5/5
  1281 | D:2      | Reached XP level 6. HP: 26/42 MP: 6/6
  1394 | D:2      | Found a shimmering altar of Xom.
  2136 | D:3      | Found a glowing golden altar of the Shining One.
  2442 | D:4      | Found Giwi Viwn's Antique Armour Emporium.
  2491 | D:4      | You fall into a shaft and drop 1 floor!
  2491 | D:5      | Entered Level 5 of the Dungeon
  2507 | D:5      | Reached skill level 7 in Axes
  2699 | D:5      | Noticed Blork the orc
  2711 | D:5      | HP: 1/42 [Blork the orc/magic dart (9)]
  2711 | D:5      | Slain by Blork the orc

Illustrated notes

Levels and vault maps discovered:
D:1:      psy_arrival_basics, layout_loops_corners
D:2:      layout_basic, serial_shops, shop, basic_altar,
          dreamdust_ecumenical_altar_angels_and_demons, nicolae_the_louvre,
          uniq_sigmund
D:3:      layout_basic, nicolae_tso_carved_into_rock
D:4:      layout_cave_pools, grunt_gozag_breadcrumbs, serial_shops,
          nicolae_shop_trees, uniq_edmund
D:5:      layout_rooms, minmay_temple_entry_junction_2,
          minmay_hollow_rounded_squares, uniq_blork_the_orc, uniq_ijyb

Skill      XL: |  1  2  3  4  5  6 |
---------------+-------------------+-----
Axes           | 3 6 7 |  7.0
Fighting       | |  3.0
Dodging        | |  3.0
Shields        | |  3.0

Action                     |  1- 3 |  4- 6 || total
---------------------------+-------+-------++-------
  Melee: War axe           |    70 |    70 ||   140
         Constrict         |    17 |    21 ||    38
         Tentacles         |     8 |    12 ||    20
         Punch             |     1 |     2 ||     3
    Use: Potion            |     2 |     1 ||     3
   Stab: Sleeping          |     4 |     1 ||     5
 Armour: Skin              |    25 |    33 ||    58
  Dodge: Dodged            |    47 |    46 ||    93
  Block: Buckler           |    13 |    22 ||    35

Table legend: (Time is in decaauts)
 A = Elapsed time spent in this place.
 B = Non-inter-level travel time spent in this place.
 C = Inter-level travel time spent in this place.
 D = Time resting spent in this place.
 E = Time spent auto-exploring this place.
 F = Levels seen in this place.
 G = Mean time per level.
                   A        B        C        D        E       F      G
               +--------+--------+--------+--------+--------+-----+--------+
         Total |   2750 |   2675 |     75 |    322 |   1850 |   5 |  550.0 |
       Dungeon |   2750 |   2675 |     75 |    322 |   1850 |   5 |  550.0 |
               +--------+--------+--------+--------+--------+-----+--------+

Top non-repeatable levels by time:
     D:1: 968 daAuts
     D:2: 940 daAuts
     D:3: 570 daAuts
     D:5: 221 daAuts
     D:4: 48 daAuts
